 Dungeon Crawl Stone Soup version 0.24.0-123-gd5b16e6ec5 (webtiles) character file.

Game seed: 16499294000098376001, levelgen mode: deterministic

249 Bluestream the Digger (level 6, -19/32 HPs)
             Began as a Gargoyle Earth Elementalist on Feb 2, 2020.
             Demolished by Harold
             ... wielding a +4 battleaxe of draining
              (24 damage)
             ... on level 7 of the Dungeon.
             The game lasted 00:08:52 (2813 turns).

Bluestream the Digger (Gargoyle Earth Elementalist) Turns: 2813, Time: 00:08:53

Health: -19/32     AC:  6    Str: 12    XL:     6   Next: 12%
Magic:  1/12       EV: 12    Int: 17    God:
Gold:   209        SH:  0    Dex: 10    Spells: 12/13 levels left

rFire    . . .     SeeInvis .   (no weapon)
rCold    . . .     Gourm    .   (no shield)
rNeg     + . .     Faith    .   c - +0 robe
rPois    ∞         Spirit   .   (no helmet)
rElec    +         Reflect  .   (no cloak)
rCorr    .         Harm     .   (no gloves)
MR       .....                  (no boots)
Stlth    ++........             (no amulet)
HPRegen  0.10/turn              (no ring)
MPRegen  0.13/turn              (no ring)

@: marked
A: negative energy resistance 1, electricity resistance, unbreathing,
petrification resistance, rot immunity, AC +4
a: no special abilities


You were on level 7 of the Dungeon.
You were not hungry.

You visited 1 branch of the dungeon, and saw 5 of its levels.

You collected 209 gold pieces.

Inventory:

Missiles
 b - 41 stones (quivered)
Armour
 c - a +0 robe (worn)
Scrolls
 a - a scroll of fog
 e - 4 scrolls of identify
Potions
 f - 2 potions of ambrosia {unknown}
 i - 3 potions of lignification {unknown}
 m - 2 potions of curing
 n - a potion of haste {unknown}
Comestibles
 d - 11 rations
 g - 2 chunks of flesh


   Skills:
 - Level 1.5 Dodging
 - Level 2.1 Stealth
 + Level 4.2 Spellcasting
   Level 0.7 Transmutations
 + Level 6.2 Earth Magic


You had 12 spell levels left.
You knew the following spells:

 Your Spells              Type           Power        Failure   Level  Hunger
a - Sandblast             Erth           ###...       1%          1    None

Your spell library contained the following spells:

 Spells                   Type           Power        Failure   Level  Hunger
 Passwall                 Tmut/Erth      ###.....     5%          2    ##.....
 Stone Arrow              Conj/Erth      ##....       13%         3    ###....
 Lee's Rapid Deconstruct  Erth           ###.......   32%         5    ######.
 Petrify                  Tmut/Erth      ###.....     36%         4    ####...


Dungeon Overview and Level Annotations

Branches:
Dungeon (4/15)
 Temple: D:4-7

Altars:

Annotations:
D:7 Dowan, Duvessa, Harold


Innate Abilities, Weirdness & Mutations

You are resistant to torment.
Your stone body is resilient. (AC +4)
You are immune to poison.
You resist negative energy. (rN+)
You are resistant to electric shocks. (rElec)
You can survive without breathing.
You are immune to petrification.
You are immune to rotting.


Message History

The blast of sand misses Harold.
b - 41 stones You shred the net and break free!
Harold misses you.
Harold throws a throwing net.
The throwing net closely misses you.
Harold drinks a potion.
Harold is healed!
Harold asks, "Do you mind if I name my boat the 'Bluestream'?
Your head will be paying for it, after all."
Harold throws a throwing net.
The throwing net hits you.
You become entangled in the net!
You see here a throwing net.
You tear a large gash into the net.
You shred the net and break free!
Harold thinks, and says "Perhaps I'll take up painting after I'm done here..."
Harold casts a spell at you. The mark upon you grows brighter.
Harold says happily, "The price on your head will fill my nest egg nicely!"
Duvessa and Dowan come into view.
Dowan shouts!
Duvessa shouts!
Harold hits you with a +4 battleaxe of draining!!
Ouch! That really hurt!
You die...

#################
.e...............
.e......@........
.......@.........
##....##...###+####
#....##(..###....##.
#....+....)#.!......
#... #.....#...†....
.... #.....'...)....
####.####...##.
####+####.### ..#


You could see Harold, Duvessa and Dowan.

Vanquished Creatures
  A crimson imp (D:7)
  An orc priest (D:3)
  A hound (D:7)
  2 orc wizards (D:3)
  3 adders
  2 worms (D:2)
  A dart slug (D:2)
  A leopard gecko (D:3)
  6 orcs
  3 bats
  6 goblins
  7 hobgoblins
  5 jackals
  3 ball pythons
  2 frilled lizards (D:3)
  8 kobolds
  10 rats
62 creatures vanquished.

Notes
Turn   | Place    | Note
-------+----------+-------------------------------------------
     0 | D:1      | Bluestream the Gargoyle Earth Elementalist began the quest
                  | for the Orb.
     0 | D:1      | Reached XP level 1. HP: 10/10 MP: 3/3
   213 | D:1      | Reached XP level 2. HP: 15/15 MP: 3/5
   214 | D:1      | Reached skill level 4 in Earth Magic
  1277 | D:2      | Reached XP level 3. HP: 19/19 MP: 4/6
  1998 | D:3      | Reached XP level 4. HP: 24/24 MP: 6/8
  2005 | D:3      | Reached skill level 5 in Earth Magic
  2021 | D:3      | Reached XP level 5. HP: 22/28 MP: 0/10
  2689 | D:4      | You fall into a shaft and drop 3 floors!
  2708 | D:7      | Reached skill level 6 in Earth Magic
  2708 | D:7      | Reached XP level 6. HP: 32/32 MP: 0/12
  2783 | D:7      | Noticed Harold
  2812 | D:7      | Noticed Duvessa
  2812 | D:7      | Noticed Dowan
  2813 | D:7      | Demolished by Harold

Levels and vault maps discovered:
D:1:      co_arrival_random_square_maze, layout_basic, minmay_domino_4
D:2:      layout_basic, first_ration
D:3:      layout_basic
D:4:      layout_basic, chequers_ossuary_entry_cave
D:7:      layout_gridville, grunt_ogre_cave, hangedman_abyss_or_decor_slice,
          nicolae_qazlal_eye_of_the_storm, uniq_harold, uniq_prince_ribbit1,
          uniq_duvessa

Skill      XL: |  1  2  3  4  5 |
---------------+----------------+-----
Earth Magic    | 4 5 6 |  6.2
Spellcasting   | 3 4 |  4.2
Dodging        | |  1.5
Stealth        | |  2.1
Transmutations | |  0.7

Action                   |  1- 3 |  4- 6 || total
-------------------------+-------+-------++-------
Melee: Unarmed           |     9 |     7 ||    16
 Cast: Sandblast         |    62 |    49 ||   111
  Use: Scroll            |       |     8 ||     8
  Eat: Chunk             |     4 |     2 ||     6
Armor: Robe              |     6 |     4 ||    10
Dodge: Dodged            |    12 |    10 ||    22
